 Dungeon Crawl Stone Soup version 0.24.0-125-gc4c63601f3 (webtiles) character file.

Game seed: 14493160377183346423, levelgen mode: deterministic

2990 CrawlButze the Thaumaturge (level 9, -1/69 HPs)
             Began as a Deep Elf Conjurer on Jan 20, 2020.
             Was a Believer of Vehumet.
             Slain by a killer bee (6 damage)
             ... on level 9 of the Dungeon on Feb 26, 2020.
             The game lasted 01:07:05 (6960 turns).

CrawlButze the Thaumaturge (Deep Elf Conjurer)      Turns: 6960, Time: 01:07:06

Health: -1/69      AC: 24    Str:  5    XL:     9   Next: 53%
Magic:  25/25      EV:  2    Int: 24    God:    Vehumet [**....]
Gold:   511        SH:  0    Dex: 15    Spells: 19/28 levels left

rFire    + . .     SeeInvis .   j - +3 dagger (venom)
rCold    . . .     Gourm    .   (no shield)
rNeg     + + +     Faith    .   (armour currently unavailable)
rPois    +         Spirit   .   (helmet currently unavailable)
rElec    .         Reflect  .   (cloak currently unavailable)
rCorr    .         Harm     .   (gloves currently unavailable)
MR       .....     NoTele   +   (boots currently unavailable)
Stlth    ++++......             (no amulet)
HPRegen  0.21/turn              e - ring of protection from fire
MPRegen  0.19/turn              F - +6 ring of evasion

@: lethally poisoned (-1 -> -17), tree-form, very slightly contaminated
A: no striking features
a: Renounce Religion


You were on level 9 of the Dungeon.
You worshipped Vehumet.
Vehumet was pleased with you.
You were not hungry.
You were a tree.
You visited 1 branch of the dungeon, and saw 9 of its levels.

You collected 511 gold pieces.

Inventory:

Hand Weapons
 b - a +1 dagger of venom
 g - a +0 short sword
 j - a +3 dagger of venom (weapon)
 B - a +0 dagger
Missiles
 f - 133 stones
 q - 14 boomerangs (quivered)
Armour
 a - a +0 robe (melded)
 i - a +0 pair of boots (melded)
 r - a +0 pair of gloves (melded)
 v - +0 fire dragon scales
 x - a +0 leather armour
 z - a +0 pair of gloves
 I - the +3 ring mail of Vampiric Thralls {Str+5, unknown}
   (You found it on level 9 of the Dungeon)

   It affects your strength (+5).
Jewellery
 e - a ring of protection from fire (left branch)
 F - a +6 ring of evasion (right branch)
 G - an uncursed ring of fire
Wands
 s - a wand of paralysis (7)
 t - a wand of flame (17)
Scrolls
 d - a scroll of torment {unknown}
 h - a scroll of identify
 l - 4 scrolls of teleportation
 m - 5 scrolls of remove curse
 n - 2 scrolls of enchant armour
 u - 2 scrolls of immolation {unknown}
 y - a scroll of magic mapping {unknown}
 C - 2 scrolls of noise {unknown}
 H - a scroll of amnesia {unknown}
Potions
 k - 2 potions of lignification
 o - a potion of ambrosia
 p - a potion of invisibility
 A - a potion of magic {unknown}
 D - a potion of berserk rage {unknown}
 E - a potion of degeneration {unknown}
Comestibles
 c - 11 rations
 w - 4 chunks of flesh


   Skills:
 + Level 0.5 Fighting
 - Level 1.4 Short Blades
 - Level 2.9 Throwing
 * Level 3.0 Armour
 + Level 7.3 Dodging
 + Level 7.9 Stealth
 + Level 10.1 Spellcasting
 + Level 9.4 Conjurations
 - Level 0.3 Hexes
   Level 5.9 Ice Magic


You had 19 spell levels left.
You knew the following spells:

 Your Spells              Type           Power        Failure   Level  Hunger
a - Magic Dart            Conj           ####         1%          1    None
b - Iskenderun's Mystic   Conj           ######..     1%          4    #......
c - Dazzling Spray        Conj/Hex       #####.       1%          3    None
d - Confusing Touch       Hex            ##....       4%          1    None

Your spell library contained the following spells:

 Spells                   Type           Power        Failure   Level  Hunger
 Sting                    Conj/Pois      ####         1%          1    None
 Searing Ray              Conj           ######       1%          2    None
 Animate Skeleton         Necr           N/A          5%          1    None
 Apportation              Tloc           ##....       5%          1    None
 Summon Small Mammal      Summ           ##..         5%          1    None
 Fulminant Prism          Conj/Hex       #####.....   7%          4    #......
 Force Lance              Conj/Tloc      ####....     8%          4    #......
 Confuse                  Hex            ##......     14%         3    None
 Gell's Gravitas          Tloc           ##........   16%         3    None
 Metabolic Englaciation   Hex/Ice        ####......   36%         5    ####...
 Petrify                  Tmut/Erth      ##......     45%         4    #......
 Yara's Violent Unravell  Hex/Tmut       ##........   80%         5    ####...


Dungeon Overview and Level Annotations

Branches:
Dungeon (9/15)             Temple (0/1) D:7
   Lair: D:8-11         Orc: D:9-12

Altars:
Ashenzari
Makhleb
Uskayaw
Vehumet
Xom
Yredelemnul

Annotations:
D:7 3 runed translucent doors, SirRappy's ghost, novice MiBe


Innate Abilities, Weirdness & Mutations

((You have sharp fingernails.))
((You are partially covered in icy blue scales. (AC +2)))
((Your movements are slightly less encumbered by armour. (ER -2)))


Message History

You hit the killer bee but do no damage.
The killer bee is poisoned.
You feel sick. The killer bee misses you. The killer bee closely misses you.
You hit the killer bee.
The killer bee is moderately wounded.
* * * LOW HITPOINT WARNING * * *
You feel sick. The killer bee closely misses you. The killer bee stings you!
* * * LOW HITPOINT WARNING * * *
Really quaff the potion of lignification?
Uppercase [Y]es or [N]o only, please.
Really quaff the potion of lignification?
You turn into a tree.
Your +0 pair of gloves melds into your body.
Your +0 pair of boots melds into your body.
Your +0 robe melds into your body.
Your roots penetrate the ground.
* * * LOW HITPOINT WARNING * * *
You feel sick.
The killer bee stings you but does no damage.
The killer bee stings you.
You die...

## ...$##### ### .
........# #.. ...
###>###.# #.# .#. #.#
#.# ...
###.#####.#######.##
#.......†....(.....#
#.#y###.............
#.#♣# #.#.#####....#
#.#.# #.#.# ##.#.##
y.#.# #.#.# ##...>#
..#.###.#.###.#.#.##
##.#.....#..........#
#.###########.#.#.##
#.......#
....)##..(.. #####
####.#


You could see a killer bee.

Vanquished Creatures
  4 yaks
  Eustachio (D:6)
  A water moccasin (D:6)
  2 sky beasts
  2 orc warriors (D:7)
  A phantom (D:7)
  A centaur (D:4)
  2 bullfrogs
  3 scorpions
  3 killer bees (D:9)
  3 howler monkeys
  3 crimson imps
  3 orc priests (D:7)
  A bullfrog skeleton (D:5)
  5 hounds
  3 jellies
  An orc wizard (D:7)
  An iguana (D:9)
  6 worker ants
  2 killer bee zombies
  A hound skeleton (D:5)
  4 gnolls (D:3)
  3 adders
  2 oozes
  An adder skeleton (D:4)
  An adder zombie (D:6)
  5 leopard geckos
  14 orcs
  4 giant cockroaches
  4 goblins
  8 hobgoblins
  15 jackals
  A quokka (D:4)
  A ball python skeleton (D:4)
  8 bats
  4 frilled lizards
  7 kobolds
  8 rats
139 creatures vanquished.

Notes
Turn   | Place    | Note
-------+----------+-------------------------------------------
     0 | D:1      | CrawlButze the Deep Elf Conjurer began the quest for the
                  | Orb.
     0 | D:1      | Reached XP level 1. HP: 10/10 MP: 6/6
   153 | D:1      | Reached XP level 2. HP: 15/15 MP: 1/8
   310 | D:1      | Reached skill level 5 in Conjurations
   486 | D:1      | Reached XP level 3. HP: 19/19 MP: 2/9
   886 | D:2      | Found a shattered altar of Ashenzari.
   985 | D:2      | Reached XP level 4. HP: 24/24 MP: 8/11
  1099 | D:2      | Learned a level 4 spell: Iskenderun's Mystic Blast
  1108 | D:2      | Found a hide-covered altar of Uskayaw.
  1305 | D:3      | Found a shimmering altar of Xom.
  1482 | D:3      | Found a radiant altar of Vehumet.
  1482 | D:3      | Found a basalt altar of Yredelemnul.
  1486 | D:3      | Became a worshipper of Vehumet
  1613 | D:3      | Reached skill level 4 in Spellcasting
  1658 | D:3      | Found a burning altar of Makhleb.
  1834 | D:4      | Reached XP level 5. HP: 26/28 MP: 11/13
  1984 | D:4      | Reached skill level 5 in Spellcasting
  2340 | D:4      | Reached skill level 5 in Dodging
  2340 | D:4      | Reached skill level 9 in Spellcasting
  2340 | D:4      | Reached skill level 5 in Ice Magic
  2340 | D:4      | Reached XP level 6. HP: 32/32 MP: 15/20
  2463 | D:4      | Learned a level 3 spell: Dazzling Spray
  2510 | D:4      | Reached XP level 7. HP: 36/36 MP: 15/21
  2568 | D:4      | Reached skill level 1 in Short Blades
  2924 | D:5      | Entered Level 5 of the Dungeon
  3428 | D:5      | Reached * piety under Vehumet
  3428 | D:5      | Offered knowledge of Freeze by Vehumet.
  3730 | D:5      | Found a shimmering altar of Xom.
  4024 | D:6      | Reached XP level 8. HP: 9/42 MP: 20/23
  4025 | D:6      | Gained mutation: Your movements are slightly less
                  | encumbered by armour. (ER -2) [potion of mutation]
  4025 | D:6      | Gained mutation: You have sharp fingernails. [potion of
                  | mutation]
  4025 | D:6      | Gained mutation: You are partially covered in icy blue
                  | scales. (AC +2) [potion of mutation]
  4089 | D:6      | Noticed Eustachio
  4095 | D:6      | Killed Eustachio
  4095 | D:6      | Reached skill level 1 in Throwing
  4153 | D:6      | HP: 2/42 [yak (10)]
  4516 | D:6      | Learned a level 1 spell: Confusing Touch
  5456 | D:5      | Reached XP level 9. HP: 10/46 MP: 24/24
  5768 | D:7      | Got an encrusted ring mail
  5804 | D:7      | Upgraded the game from 0.24.0-123-gd5b16e6ec5 to
                  | 0.24.0-125-gc4c63601f3
  5811 | D:7      | Found a runed translucent gate.
  5811 | D:7      | Noticed SirRappy's ghost (novice MiBe)
  5812 | D:7      | Found a runed translucent gate.
  5812 | D:7      | Found a runed translucent gate.
  5833 | D:7      | Offered knowledge of Sting by Vehumet.
  5841 | D:7      | Found a staircase to the Ecumenical Temple.
  5877 | D:7      | Reached ** piety under Vehumet
  5943 | D:7      | Reached skill level 10 in Spellcasting
  6526 | D:8      | Identified the cursed +1 ring mail of Zeube {rElec MR-
                  | Str+3 Dex+4} (You found it on level 7 of the Dungeon)
  6663 | D:9      | Got an ancient ring mail
  6960 | D:9      | Slain by a killer bee

Levels and vault maps discovered:
D:1:      scummos_arrival_simple_crosswalls, layout_basic, minmay_misc_feat_chi,
          serial_park_tiny_2, minmay_tetromino_s4
D:2:      layout_basic, nicolae_overflow_hidden_temple, evilmike_ruin_ashenzari
D:3:      layout_rooms, lemuel_round_altar, gammafunk_temple_overflow_elements,
          xom_teletrap_fun
D:4:      layout_basic, grunt_ministairs_10
D:5:      layout_loops_ring, kennysheep_little_box, first_ration
D:6:      layout_basic, uniq_eustachio
D:7:      layout_loops_ring, minmay_temple_entry_arrows,
          ebering_ghost_rock_garden, minmay_between
D:8:      layout_loops_ring, grunt_dithmenos_shadows, the_bakery
D:9:      minmay_sliced_demisemicircle, layout_loops_ring,
          okawaru_metal_pillars_1_2, serial_shops, nicolae_shop_waterfront,
          lemuel_tele_altar

Skill      XL: |  1  2  3  4  5  6  7  8  9 |
---------------+----------------------------+-----
Conjurations   | 5 8 9 |  9.4
Spellcasting   | 4 9 10 | 10.1
Stealth        | 3 6 7 |  7.9
Dodging        | 5 6 7 |  7.3
Armour         | 2 3 |  3.0
Ice Magic      | 5 |  5.9
Short Blades   | 1 |  1.4
Throwing       | 2 |  2.9
Fighting       | |  0.5
Hexes          | |  0.3

Action                   |  1- 3 |  4- 6 |  7- 9 || total
-------------------------+-------+-------+-------++-------
Melee: Dagger            |    11 |    52 |   203 ||   266
Throw: Boomerang         |       |       |     1 ||     1
 Cast: Magic Dart        |    74 |    39 |    82 ||   195
       Iskenderun's Myst |       |     1 |    11 ||    12
       Dazzling Spray    |       |     2 |    23 ||    25
       Confusing Touch   |       |       |     6 ||     6
  Use: Scroll            |       |    10 |     6 ||    16
       Potion            |       |     1 |     7 ||     8
 Stab: Sleeping          |       |     2 |     9 ||    11
       Invisible         |       |     1 |     8 ||     9
       Confused          |       |       |     3 ||     3
       Distracted        |       |       |     1 ||     1
  Eat: Ration            |       |     1 |     3 ||     4
       Chunk             |       |     2 |     5 ||     7
Armor: Robe              |     8 |    11 |    25 ||    44
       Skin              |       |       |     1 ||     1
Dodge: Dodged            |    16 |    37 |   156 ||   209
